 Dungeon Crawl Stone Soup version 0.16-a0-4072-gc5a8185 (webtiles) character file.

74 dysrexia the Slasher (level 4, -1/31 HPs)
             Began as an Octopode Fighter on Feb 21, 2015.
             Was an Initiate of Okawaru.
             Slain by Grinder (7 damage)
             ... while paralysed by Grinder
             ... on level 3 of the Dungeon.
             The game lasted 00:07:26 (1657 turns).

dysrexia the Slasher (Octopode Fighter)             Turns: 1657, Time: 00:07:26

Health: -1/31      AC:  1    Str: 15    XL:     4   Next: 30%
Magic:  4/4        EV:  2    Int: 10    God:    Okawaru [......]
Gold:   80         SH:  0    Dex: 12    Spells: 0 memorised, 3 levels left

rFire  . . .     SeeInvis .     a - +0 long sword
rCold  . . .     Clarity  .     c - +0 shield
rNeg   . . .     SustAb   .     (helmet restricted)
rPois  .         Gourm    .     (no amulet)
rElec  .         Spirit   .     (no ring)
rCorr  .         Warding  .     (no ring)
rMut   .         Stasis   .     (no ring)
MR     .....                    (no ring)
Stlth  ++........               (no ring)
                                (no ring)
                                (no ring)
                                (no ring)

@: paralysed, not resistant to hostile enchantments, unstealthy
A: almost no armour, amphibious, 8 rings, constrict 8, camouflage 1, gelatinous
body 1
a: Renounce Religion


You were on level 3 of the Dungeon.
You worshipped Okawaru.
Okawaru was noncommittal.
You were not hungry.

You visited 1 branch of the dungeon, and saw 3 of its levels.

You collected 80 gold pieces.

Inventory:

Hand weapons
 a - a +0 long sword (weapon)
 h - a +1 dagger of speed
Missiles
 g - 19 stones (quivered)
 k - 15 poisoned needles
Armour
 c - a +0 shield (worn)
Scrolls
 b - 3 scrolls of teleportation {unknown}
 f - 3 scrolls of amnesia {unknown}
 j - 2 scrolls of remove curse {unknown}
 l - a scroll of immolation {unknown}
 m - a scroll of random uselessness {unknown}
 n - a scroll of magic mapping {unknown}
 o - 2 scrolls of identify {unknown}
 p - a scroll of enchant armour {unknown}
Potions
 e - a potion of might
Comestibles
 d - a bread ration
 i - a meat ration
 q - 2 chunks of flesh


   Skills:
 - Level 3.0 Fighting
 + Level 4.4 Long Blades
 - Level 3.0 Dodging
 - Level 3.0 Shields


You had 3 spell levels left.
You didn't know any spells.

Dungeon Overview and Level Annotations

Branches:
Dungeon (3/15)

Altars:
Ashenzari
Makhleb
Okawaru
Vehumet

Annotations:
D:3 Grinder


Innate Abilities, Weirdness & Mutations

You cannot wear most types of armour.
You are amphibious.
You can wear up to eight rings at the same time.
You can use your tentacles to constrict many enemies at once.
Your skin changes colour to match your surroundings (Stealth).
Your rubbery body absorbs attacks (AC +1).


Message History

You barely resist.
Grinder gestures.
Grinder blinks!
Grinder says, "What is the universe for?"
Grinder gestures.
Grinder blinks!
Your shield prevents you from hitting Grinder.
Your grab misses Grinder. You squeeze Grinder, but do no damage.
You block Grinder's attack.
You closely miss Grinder. Your grab misses Grinder.
Your squeeze misses Grinder. Grinder gestures at you.
You suddenly lose the ability to move!
Grinder gestures at you. Pain shoots through your body! Grinder hits you!
* * * LOW HITPOINT WARNING * * *
Grinder hits you but does no damage. Grinder hits you!
You die...

##.##((..#.######.#
#......#.#.# #.#
#.#######.#.# #.# . #.#.#
#.# .# #.#.# #.# ..#
#.#.######.####..#
#................#
###...####......#.##
........5@.........####.#
###########.............#
#........######
#..#...#.# #.>####..#
#..# .## #..# .# ...# .#
##... .#


You could see Grinder.

Vanquished Creatures
  2 adders (D:2)
  2 giant mites
  2 giant geckos (D:2)
  An ooze (D:3)
  A ball python (D:1)
  6 giant cockroaches
  6 goblins
  5 hobgoblins
  4 kobolds
  4 bats
  4 giant newts
  4 rats
41 creatures vanquished.

Notes
Turn   | Place    | Note
--------------------------------------------------------------
     0 | D:1      | dysrexia, the Octopode Fighter, began the quest for the Orb.
     0 | D:1      | Reached XP level 1. HP: 16/16 MP: 1/1
   210 | D:1      | Reached XP level 2. HP: 18/21 MP: 2/2
   924 | D:1      | Reached XP level 3. HP: 23/26 MP: 3/3
  1144 | D:2      | Found an iron altar of Okawaru.
  1230 | D:2      | Found a shattered altar of Ashenzari.
  1304 | D:2      | Found a burning altar of Makhleb.
  1321 | D:2      | Found a radiant altar of Vehumet.
  1354 | D:2      | Reached skill level 4 in Long Blades
  1376 | D:2      | Reached XP level 4. HP: 29/31 MP: 4/4
  1476 | D:2      | Became a worshipper of Warmaster Okawaru
  1640 | D:3      | Noticed Grinder
  1653 | D:3      | Paralysed by Grinder for 5 turns
  1657 | D:3      | Slain by Grinder

Action                   |  1- 3 |  4- 6 || total
-------------------------+-------+-------++-------
Melee: Long sword        |    59 |    15 ||    74
Throw: Stone             |     3 |     3 ||     6
 Stab: Sleeping          |     1 |       ||     1
  Eat: Chunk             |     1 |     1 ||     2
